AoeStats
← dashuaibi

MegaRandom

506618195Analyzed
4v4 RM · 18d ago on Sep 14, 2026· 62m 57s· 8 players
Game mode
Random Map
Map size
Large (8 player)
Population
200
Speed
Normal
Resources
Standard
Victory
Conquest
Starting age
Dark Age
Ending age
Imperial Age
RankedLock teamsTeams togetherTeam positionsShared explorationLock speedFull tech treeHidden civsTurbo modeCheats
Victory
Defeat
🇨🇳 Mongols · China
1341
+15
🇩🇪 Burgundians · Germany
1340
+15
🇨🇳 Saracens · China
1336
+15
🇦🇷 Gurjaras · Argentina
1327
+15
🇳🇿 Britons · New Zealand
1354
-17
🇨🇳 Mongols · China
1324
-15
🇳🇿 Hindustanis · New Zealand
1321
-15
🇦🇺 Poles · Australia
1270
-13
Far King Noob
0:33 Loom
12:00 Feudal Age
16:09 Castle Age
14:46 Double-Bit Axe
17:13 Man-at-Arms
17:54 Squires
17:58 Scale Mail Armor
18:08 Forging
17:57 Long Swordsman
32:03 Gold Mining
32:26 Bow Saw
33:27 Gold Shaft Mining
34:21 Husbandry
34:31 Bloodlines
34:50 Scale Barding Armor
35:00 Chain Mail Armor
35:21 Iron Casting
36:45 Chain Barding Armor
37:40 Wheelbarrow
44:26 Imperial Age
44:49 Heavy Camel Rider
47:56 Blast Furnace
47:56 Hand Cart
JayJayNico
5:59 Loom
8:57 Feudal Age
11:54 Forging
14:09 Double-Bit Axe
14:05 Horse Collar
21:01 Castle Age
22:14 Fletching
22:45 Bow Saw
22:55 Bodkin Arrow
23:36 Gold Mining
28:51 Padded Archer Armor
31:15 Ballistics
32:51 Yeomen
33:06 Leather Archer Armor
35:19 Wheelbarrow
34:47 Heavy Plow
37:41 Murder Holes
37:56 Masonry
40:27 Imperial Age
38:04 Stone Mining
39:38 Hand Cart
39:14 Town Watch
40:43 Gold Shaft Mining
41:10 Bracer
42:12 Chemistry
42:39 Two-Man Saw
42:30 Elite Longbowman
43:50 Hoardings
45:07 Conscription
45:06 Siege Engineers
45:05 Pikeman
45:45 Squires
45:43 Guard Tower
45:38 Arrowslits
47:07 Man-at-Arms
47:33 Gambesons
49:46 Ring Archer Armor
50:06 Warwolf
52:57 Architecture
53:03 Keep
54:08 Heated Shot
53:59 Treadmill Crane
肥肥猫
geoff_91
0:32 Loom
10:42 Feudal Age
18:04 Castle Age
16:08 Double-Bit Axe
16:15 Horse Collar
19:06 Bow Saw
23:13 Gold Mining
23:27 Heavy Plow
25:25 Szlachta Privileges
26:14 Wheelbarrow
26:14 Bloodlines
27:40 Scale Barding Armor
27:46 Forging
28:11 Husbandry
29:43 Chain Barding Armor
30:38 Iron Casting
31:46 Stone Mining
33:15 Hand Cart
34:46 Pikeman
35:26 Squires
37:55 Fletching
40:49 Imperial Age
39:14 Scale Mail Armor
40:11 Chain Mail Armor
40:35 Bodkin Arrow
40:31 Light Cavalry
41:10 Cavalier
41:55 Bracer
42:58 Blast Furnace
43:36 Plate Mail Armor
43:52 Conscription
48:32 Winged Hussar
52:29 Lechitic Legacy
53:12 Crop Rotation
Doris
dashuaibi
0:36 Loom
13:21 Feudal Age
14:44 Fletching
16:06 Double-Bit Axe
17:24 Horse Collar
19:56 Castle Age
18:03 Fishing Lines
21:59 Bodkin Arrow
22:29 Bow Saw
22:21 Heavy Plow
26:28 Stone Mining
26:28 Gold Mining
28:13 Wheelbarrow
28:54 Padded Archer Armor
29:00 Scale Barding Armor
32:33 Imperial Age
30:37 Ballistics
31:15 Gold Shaft Mining
31:16 Leather Archer Armor
31:22 Chain Barding Armor
33:06 Hand Cart
32:37 Town Watch
33:25 Elite Mameluke
33:33 Elite Mameluke
34:53 Ring Archer Armor
34:58 Plate Barding Armor
34:35 Forging
34:51 Bloodlines
34:42 Husbandry
35:44 Two-Man Saw
35:12 Siege Engineers
36:08 Chemistry
37:05 Plate Barding Armor
36:30 Bracer
37:06 Iron Casting
38:08 Conscription
41:26 Blast Furnace
40:56 Light Cavalry
41:56 Hussar
47:34 Careening
47:37 Clinker Construction
51:40 Hoardings
59:59 Carvel Hull
123456
0:51 Loom
10:51 Feudal Age
11:29 Double-Bit Axe
23:58 Castle Age
23:11 Stone Mining
23:15 Gold Mining
25:07 Fletching
29:19 Padded Archer Armor
32:08 Horse Collar
38:37 Wheelbarrow
39:48 Bow Saw
39:46 Town Watch
39:58 Bodkin Arrow
41:49 Heavy Plow
43:06 Ballistics
45:23 Imperial Age
43:23 Husbandry
43:38 Bloodlines
45:47 Gold Shaft Mining
45:48 Stone Shaft Mining
46:55 Conscription
47:01 Bracer
47:17 Leather Archer Armor
47:31 Hand Cart
46:53 Capped Ram
48:17 Hoardings
48:50 Scale Barding Armor
48:57 Forging
49:55 Chemistry
49:00 Elite Mangudai
51:36 Iron Casting
51:22 Chain Barding Armor
50:42 Light Cavalry
52:08 Hussar
55:06 Blast Furnace
54:14 Fishing Lines
59:53 Parthian Tactics
59:44 Siege Ram
61:03 Drill
62:24 Spies/Treason
MatRm10
0:31 Loom
11:19 Feudal Age
12:50 Wheelbarrow
12:46 Double-Bit Axe
15:43 Castle Age
15:05 Stone Mining
18:29 Horse Collar
22:28 Gold Mining
23:14 Bloodlines
23:04 Husbandry
23:05 Fletching
24:02 Scale Barding Armor
24:00 Husbandry
24:28 Fervor
25:12 Hand Cart
27:57 Bodkin Arrow
28:38 Town Watch
32:31 Imperial Age
30:40 Murder Holes
30:47 Padded Archer Armor
31:00 Forging
31:36 Sanctity
34:46 Fortified Wall
35:01 Ballistics
35:45 Chain Barding Armor
37:13 Plate Barding Armor
37:26 Gold Shaft Mining
37:17 Bow Saw
38:04 Bracer
38:42 Iron Casting
39:24 Conscription
39:35 Devotion
39:03 Heavy Camel Rider
40:19 Kshatriyas
41:13 Leather Archer Armor
41:24 Bracer
42:18 Thumb Ring
42:36 Heavy Plow
43:01 Frontier Guards
42:25 Light Cavalry
43:31 Elite Elephant Archer
46:02 Chemistry
46:28 Scale Mail Armor
46:09 Treadmill Crane
48:24 Crop Rotation
48:28 Elite Skirmisher
51:03 Chain Mail Armor
50:59 Masonry
51:04 Elite Chakram Thrower
51:44 Hussar
61:21 Coinage
60:52 Caravan
Connection lost

Rejoining the realm…

Still unreachable

The connection could not be restored.

Session expired

The server has moved on; the page needs a fresh start.